 Dungeon Crawl Stone Soup version 0.29-a0-872-g797fff5ad1 (webtiles) character file.

Game seed: 2589540408330176413

57 lesbiats the Conjurer (level 3, 0/21 (29) HPs)
             Began as a Draconian Conjurer on July 18, 2022.
             Slain by an orc
             ... wielding a +4 flail of draining
              (5 damage)
             ... on level 2 of the Dungeon.
             The game lasted 00:06:40 (2286 turns).

lesbiats the Conjurer (Draconian Conjurer)          Turns: 2286, Time: 00:06:40

HP:   0/21 (29)     AC:  6    Str:  9    XL:     3   Next: 73%
MP:   2/6           EV: 12    Int: 20    God:
Gold: 108           SH:  0    Dex:  9    Spells: 4/7 levels left

rFire   . . .      SeeInvis .   b - +1 dagger (holy)
rCold   . . .      Faith    .   (no shield)
rNeg    . . .      Spirit   .   (body armour unavailable)
rPois   .          Reflect  .   (helmet restricted)
rElec   .          Harm     .   (no cloak)
rCorr   .          Rampage  .   c - +0 pair of gloves
Will    .....                   (no boots)
Stlth   ++........              (no amulet)
HPRegen 0.07/turn               (no ring)
MPRegen 0.10/turn               (no ring)

@: very heavily drained
A: AC +5, unfitting armour, cold-blooded
a: no special abilities


You were on level 2 of the Dungeon.
You visited 1 branch of the dungeon, and saw 2 of its levels.

You collected 108 gold pieces.

Inventory:

Hand Weapons
 b - a +1 dagger of holy wrath (weapon)
Missiles
 f - 3 poisoned darts
Armour
 c - a +0 pair of gloves (worn)
Scrolls
 d - a scroll of amnesia {unknown}
 e - a scroll of enchant armour {unknown}
 g - a scroll of silence {unknown}
Potions
 a - a potion of magic
 h - 2 potions of resistance {unknown}


   Skills:
 + Level 1.7 Fighting
 - Level 1.7 Dodging
 - Level 1.7 Stealth
 + Level 2.5 Spellcasting
 * Level 4.7 Conjurations


You had 4 spell levels left.
You knew the following spells:

 Your Spells              Type           Power      Damage    Failure   Level
a - Magic Dart            Conj           84%        1d7       2%          1
b - Searing Ray           Conj           42%        2d6       3%          2

Your spell library contained the following spells:

 Spells                   Type           Power      Damage    Failure   Level
 Sting                    Tmut/Pois      8%         1d3       16%         1
 Dazzling Flash           Conj/Hex       24%        N/A       17%         3
 Poisonous Vapours        Pois/Air       4%         N/A       22%         2
 Fulminant Prism          Conj/Hex       6%         3d7       50%         4
 Iskenderun's Mystic Bla  Conj/Tloc      12%        2d5       50%         4
 Olgreb's Toxic Radiance  Pois           2%         N/A       83%         4


Dungeon Overview and Level Annotations

Branches:
Dungeon (2/15)

Altars:


Innate Abilities, Weirdness & Mutations

Your plain brown scales are hard. (AC +5)
You cannot fit into any form of body armour.
You are cold-blooded and may be slowed by cold attacks.


Message History

The magic dart hits the orc but does no damage.
The orc is severely wounded.
The orc hits you but does no damage.
You feel drained.
You barely miss the orc.
The orc is severely wounded.
The orc hits you with a +4 flail of draining!
You feel drained.
You hit the orc but do no damage.
The orc is severely wounded.
The orc hits you with a +4 flail of draining.
* * * LOW HITPOINT WARNING * * *
You feel drained.
* * * LOW HITPOINT WARNING * * *
The orc attacks as you move away! The orc hits you but does no damage.
You feel drained. The orc attacks as you move away! The orc barely misses you.
The orc attacks as you move away! The orc hits you but does no damage.
You feel drained. The orc attacks as you move away! The orc misses you.
The orc attacks as you move away! The orc closely misses you.
The orc attacks as you move away! The orc hits you but does no damage.
You feel drained. The orc attacks as you move away! The orc barely misses you.
Aiming: Magic Dart (safe; 2% risk of failure)
Press: ? - help, Q - select action, (/) - cycle Shift-Dir - straight line, f/p - orc
Aim: an orc, wielding a +4 flail of draining and wearing a +0 chain mail (severely wounded, 100% to hit)
The magic dart hits the orc but does no damage.
The orc is severely wounded.
The orc misses you.
Aiming: Magic Dart (safe; 2% risk of failure)
Press: ? - help, Q - select action, (/) - cycle Shift-Dir - straight line, f/p - orc
Aim: an orc, wielding a +4 flail of draining and wearing a +0 chain mail (severely wounded, 100% to hit)
The magic dart hits the orc but does no damage.
The orc is severely wounded.
The orc closely misses you. The orc barely misses you.
The orc attacks as you move away! The orc closely misses you.
The orc attacks as you move away!
The orc hits you with a +4 flail of draining.
You die...

## #.#####.#### .#
###.#.......<# .#
.......##.##.# (#
##.........# .#
#....#.#..# .#.#
#....#.##.# .#.#
#....#.##.# .#.#
##.#.#.##.# .#.#
#.#@#....# .#.#
########.#o###### .#.#
.........#.######. .#.#
..................
##.#############........
........................
#.#################.....
#.# .#### #.# #


You could see an orc.

Vanquished Creatures
  A gnoll (D:1)
  An adder (D:2)
  3 dart slugs
  2 orcs (D:2)
  2 ball pythons (D:1)
  4 endoplasms (D:1)
  4 goblins (D:1)
  2 hobgoblins
  3 kobolds (D:1)
  3 bats
  2 frilled lizards (D:1)
  4 rats
31 creatures vanquished.

Notes
Turn   | Place    | Note
-------+----------+-------------------------------------------
     0 | D:1      | lesbiats the Draconian Conjurer began the quest for the
                  | Orb.
     0 | D:1      | Reached XP level 1. HP: 14/14 MP: 3/3
   338 | D:1      | Reached XP level 2. HP: 22/22 MP: 0/5
   342 | D:1      | Learned a level 2 spell: Searing Ray
   565 | D:1      | Found a faded altar of an unknown god.
   629 | D:1      | Reached skill level 1 in Fighting
   832 | D:1      | Reached XP level 3. HP: 28/28 MP: 2/6
  2286 | D:2      | Slain by an orc

Illustrated notes

Levels and vault maps discovered:
D:1:      matt_arrival_los_fun, layout_basic, shapermc_ecumenical_altar_pompeii
D:2:      mumra_celtic_spiral_tile, layout_basic, minmay_ruptured

Skill      XL: |  1  2 |
---------------+-------+-----
Fighting       | 1 |  1.7
Dodging        | |  1.7
Stealth        | |  1.7
Spellcasting   | |  2.5
Conjurations   | |  4.7

Action                   || total
-------------------------++-------
Melee: Dagger            ||    36
       Unarmed           ||     4
       Tailslap          ||     2
 Cast: Magic Dart        ||    54
       Searing Ray       ||     1
 Stab: Sleeping          ||     3
Armor: Skin              ||    18
Dodge: Dodged            ||    32

Table legend: (Time is in decaauts)
 A = Elapsed time spent in this place.
 B = Non-inter-level travel time spent in this place.
 C = Inter-level travel time spent in this place.
 D = Time resting spent in this place.
 E = Time spent auto-exploring this place.
 F = Levels seen in this place.
 G = Mean time per level.
                   A        B        C        D        E       F      G
               +--------+--------+--------+--------+--------+-----+--------+
         Total |   2287 |   2235 |     52 |    769 |   1118 |   2 | 1143.5 |
       Dungeon |   2287 |   2235 |     52 |    769 |   1118 |   2 | 1143.5 |
               +--------+--------+--------+--------+--------+-----+--------+

Top non-repeatable levels by time:
     D:1: 1638 daAuts
     D:2: 648 daAuts
